Map: Pillars of Gold LE

Players

ieLLiMo

  • Race: Protoss Protoss
  • League: Master
  • Spawn Location: 1:00

HuShang - Winner!

  • Race: Zerg Zerg
  • League: Master
  • Spawn Location: 7:00

VOD

Have the link to the VOD?

Description

Time

  • Played on: Sept. 8, 2020, 10:38 p.m.
  • Length: 5:33
Show
View Real Time Build Order
Export as new Build Order

ieLLiMo Protoss 

Build Orders: 1 Gate Expand, Oracle Opening 

Get SALT Encoding   

  12  0:01  Probe  
  13  0:13  Probe  
  14  0:20  Pylon  
  14  0:25  Probe  
  15  0:38  Probe (Chrono Boost)  
  15  0:42  Gateway  
  17  0:50  Assimilator, Probe (Chrono Boost)  
  17  0:55  Probe (Chrono Boost)  
  18  1:04  Probe  
  19  1:16  Probe  
  20  1:29  Nexus  
  20  1:41  Cybernetics Core  
  20  1:42  Probe  
  21  1:47  Assimilator  
  21  1:54  Probe  
  22  1:57  Pylon  
  22  2:06  Probe (Chrono Boost)  
  24  2:16  Probe (Chrono Boost), Adept (Chrono Boost)  
  24  2:21  Probe (Chrono Boost)  
  26  2:28  Stargate  
  26  2:32  Probe  
  27  2:39  Adept  
  27  2:43  Gateway  
  29  2:49  Probe (Chrono Boost)  
  30  2:57  Probe (Chrono Boost)  
  32  2:58  Probe (Chrono Boost)  
  32  3:03  Probe x2 (Chrono Boost)  
  34  3:08  Warp Gate  
  34  3:10  Oracle (Chrono Boost)  
  34  3:15  Probe x2  
  39  3:25  Pylon  
  39  3:27  Probe x2  
  39  3:33  Void Ray (Chrono Boost)  
  41  3:39  Probe, Shield Battery  
  42  3:41  Shield Battery  
  47  4:07  Pylon  
  47  4:08  Pylon  
  47  4:10  Pylon  
  47  4:14  Adept  
  43  4:37  Probe, Oracle  
  41  4:43  Adept  
  41  4:44  Gateway  
  35  4:45  Pylon  
  35  4:47  Probe  
  35  4:49  Probe  
  34  4:59  Probe  
  27  5:01  Probe  
  26  5:11  Probe  
Show
View Real Time Build Order
Export as new Build Order

HuShang Zerg - Winner!

Build Orders: Hatch First 

Get SALT Encoding   

  12  0:00  Drone  
  13  0:14  Overlord  
  13  0:18  Drone  
  14  0:34  Drone x2  
  16  0:50  Hatchery  
  16  0:54  Drone  
  16  0:57  Drone  
  16  1:02  Drone  
  18  1:11  Extractor  
  17  1:16  Spawning Pool  
  16  1:20  Drone  
  16  1:23  Drone  
  18  1:35  Drone  
  19  2:03  Zergling x6  
  19  2:06  Queen x2  
  26  2:11  Metabolic Boost  
  26  2:16  Overlord  
  26  2:19  Zergling x2  
  26  2:20  Zergling x2  
  28  2:27  Overlord  
  28  2:36  Zergling x6  
  31  2:53  Zergling x2  
  31  2:54  Zergling x2  
  31  2:57  Baneling Nest  
  32  3:04  Zergling x4  
  34  3:16  Zergling x2  
  34  3:17  Zergling x2  
  36  3:25  Zergling x12  
  42  3:31  Zergling x4  
  44  3:40  Baneling x5  
  44  3:42  Baneling  
  44  3:57  Overlord  
  41  4:04  Zergling x2  
  41  4:05  Zergling x4  
  44  4:15  Zergling x2  
  44  4:16  Zergling x8  
  46  4:29  Zergling x6  
  46  4:38  Zergling x6  
  46  4:52  Zergling x2  
  44  4:53  Zergling x6  
  47  5:07  Overlord x2  
  46  5:27  Hatchery  
Tags
 
Add a new tag
Caveats
  • Supply blocks, unpowered buildings, or Contaminate may cause inaccurate times.
  • Supply counts are checked every 10 seconds.